 Dungeon Crawl Stone Soup version 0.31-a0-1300-gb6740aa4e6 (webtiles) character file.

Game seed: 3112658984894037736

228 Iich the Trooper (level 5, -6/42 HPs)
             Began as a Demonspawn Fighter on Dec 18, 2023.
             Killed by divine providence
             ... invoked by an orc priest
              (11 damage)
             ... on level 3 of the Dungeon.
             The game lasted 00:04:33 (2460 turns).

Iich the Trooper (Demonspawn Fighter)               Turns: 2460, Time: 00:04:33

Health: -6/42      AC: 10    Str: 19    XL:     5   Next: 71%
Magic:  5/5        EV:  8    Int:  8    God:
Gold:   148        SH:  4    Dex: 12    Spells: 4/4 levels left

rFire   . . .        a - +0 war axe
rCold   . . .        c - +0 buckler
rNeg    . . .        f - +0 chain mail
rPois   .            (helmet restricted)
rElec   .            j - scarf {repulsion}
rCorr   .            (no gloves)
SInv    .            (no boots)
Will    .....        (no amulet) Stlth
                     (no ring)
HPRegen 0.27/turn    (no ring)
MPRegen 0.09/turn

%: repel missiles
@: no status effects
A: antennae 1, yellow scales 1, foul stench 1
a: no special abilities


You were on level 3 of the Dungeon.
You visited 1 branch of the dungeon, and saw 4 of its levels.

You collected 148 gold pieces.

Inventory:

Hand Weapons
 a - a +0 war axe (weapon)
 g - a +2 vampiric demon blade
Missiles
 p - a throwing net
Armour
 b - a +0 scale mail
 c - a +0 buckler (worn)
 f - a +0 chain mail (worn)
 j - a scarf of repulsion (worn)
Scrolls
 e - a scroll of noise
 h - a scroll of amnesia
 l - a scroll of poison
 m - a scroll of blinking {unknown}
 n - a scroll of teleportation {unknown}
 r - a scroll of brand weapon {unknown}
Potions
 d - a potion of might
 i - a potion of enlightenment {unknown}
 k - a potion of magic {unknown}
 o - a potion of curing {unknown}
 q - a potion of haste {unknown}


   Skills:
 + Level 4.1 Fighting
 * Level 4.0 Axes
 - Level 2.6 Armour
 + Level 2.3 Dodging
 - Level 2.6 Shields


You had 4 spell levels left.
You didn't know any spells.
Your spell library was empty.

Dungeon Overview and Level Annotations

Branches:
Dungeon (4/15)
 Temple: D:4-7

Altars:

Shops:
D:2 [


Innate Abilities, Weirdness & Mutations

You have a pair of small antennae on your head.
You are partially covered in yellow scales. (AC +2)
You may rarely emit foul miasma when damaged in melee.


Message History

You barely miss the orc priest.
The orc priest is heavily wounded.
You miss something. You block something's attack.
The orc priest hits you but does no damage.
You hit the orc priest but do no damage.
The orc priest is heavily wounded.
You barely miss something.
You hear some strange, mumbled words.
Something tries to affect you, but you resist.
The orc priest hits you but does no damage.
Something hits you.
* * * LOW HITPOINT WARNING * * *
You block the orc priest's attack.
You take 3 damage, and have 9/42 hp.
You closely miss the orc priest.
The orc priest is heavily wounded.
You closely miss something.
You hear some strange, mumbled words.
A puff of flame appears from out of thin air!
The puff of flame hits you.
* * * LOW HITPOINT WARNING * * *
The orc priest hits you but does no damage.
You take 1 damage, and have 8/42 hp.
You barely miss the orc priest.
The orc priest is heavily wounded.
You closely miss something. Something hits you but does no damage.
The orc priest hits you but does no damage.
You hit the orc priest.
The orc priest is heavily wounded.
You closely miss something.
You hear some strange, mumbled words.
A puff of flame appears from out of thin air!
The puff of flame hits you.
* * * LOW HITPOINT WARNING * * *
The orc priest hits you but does no damage.
Something hits you but does no damage.
The orc priest calls down the wrath of Beogh upon you.
Beogh smites you!
You die...

#.###..## ##.......## #
.########.#....####..[......####
..................'.....†...+...
.##########....####.........####
#.#.## ##..)....## # #.###
##.....## #.##### ##...##
#...{)# ##+## #####@# #.# #o#
#.# ... ##.## ##.## ##...## #.#
#.....###### #.###.##..........
#...........###### #####.###.###
#.#


You could see an orc priest.

Vanquished Creatures
  Terence (D:3)
  Jessica (D:2)
  Robin (D:2)
  2 adders
  7 gnolls
  A worm (D:3)
  A dart slug (D:1)
  3 orcs (D:3)
  4 endoplasms
  2 giant cockroaches
  13 goblins
  6 hobgoblins
  6 jackals (D:1)
  4 quokkas
  3 ball pythons
  5 bats
  2 frilled lizards
  4 kobolds
  7 rats
73 creatures vanquished.

Notes
Turn   | Place    | Note
-------+----------+-------------------------------------------
     0 | D:1      | Iich the Demonspawn Fighter began the quest for the Orb.
     0 | D:1      | Reached XP level 1. HP: 18/18 MP: 1/1
    71 | D:1      | Gained mutation: You may rarely emit foul miasma when
                  | damaged in melee. [demonic ancestry]
    71 | D:1      | Reached XP level 2. HP: 21/24 MP: 2/2
   331 | D:1      | Reached skill level 1 in Dodging
   498 | D:1      | Gained mutation: You have a pair of small antennae on your
                  | head. [demonic ancestry]
   498 | D:1      | Reached XP level 3. HP: 29/29 MP: 3/3
  1152 | D:2      | Noticed Jessica
  1159 | D:2      | Killed Jessica
  1283 | D:2      | Found Jukey's Antique Armour Shop.
  1292 | D:2      | Gained mutation: You are partially covered in yellow
                  | scales. (AC +2) [demonic ancestry]
  1292 | D:2      | Reached XP level 4. HP: 35/35 MP: 4/4
  1486 | D:2      | Noticed Robin
  1495 | D:2      | Killed Robin
  1671 | D:2      | You fall into a shaft and drop 2 floors!
  1716 | D:4      | Reached XP level 5. HP: 26/42 MP: 5/5
  2092 | D:3      | Noticed Terence
  2106 | D:3      | Killed Terence
  2330 | D:3      | Identified the +1 robe of Parlour Games {rElec}
  2460 | D:3      | Killed from afar by an orc priest

Illustrated notes

Levels and vault maps discovered:
D:1:      dpeg_arrival_subterranean_lakeside_camping, layout_loops_ring,
          chequers_serial_rivers_small_a
D:2:      layout_basic, serial_shops, nicolae_shop_hallway_plus, uniq_jessica,
          uniq_robin
D:3:      layout_loops_corners, hellmonk_ghost_happy_afterlife, uniq_terence
D:4:      layout_loops_ring, serial_undead, serial_undead_c, serial_undead_a,
          serial_undead_e, serial_undead_c, serial_undead_d, serial_undead_b,
          serial_undead_e, serial_undead_a, uniq_menkaure

Skill      XL: |  1  2  3  4  5 |
---------------+----------------+-----
Axes           | 2 3 4 |  4.0
Dodging        | 1 2 |  2.3
Fighting       | 4 |  4.1
Armour         | |  2.6
Shields        | |  2.6

Action                     |  1- 3 |  4- 6 || total
---------------------------+-------+-------++-------
  Melee: War axe           |   108 |   122 ||   230
    Use: Scroll            |       |     3 ||     3
         Potion            |       |     1 ||     1
 Armour: Scale mail        |    24 |       ||    24
         Chain mail        |    80 |   111 ||   191
  Dodge: Dodged            |    47 |    47 ||    94
         Repelled          |       |     1 ||     1
  Block: Buckler           |    26 |    25 ||    51

Table legend: (Time is in decaauts)
 A = Elapsed time spent in this place.
 B = Non-inter-level travel time spent in this place.
 C = Inter-level travel time spent in this place.
 D = Time resting spent in this place.
 E = Time spent auto-exploring this place.
 F = Levels seen in this place.
 G = Mean time per level.
                   A        B        C        D        E       F      G
               +--------+--------+--------+--------+--------+-----+--------+
         Total |   2559 |   2383 |    176 |    113 |   1683 |   4 |  639.8 |
       Dungeon |   2559 |   2383 |    176 |    113 |   1683 |   4 |  639.8 |
               +--------+--------+--------+--------+--------+-----+--------+

Top non-repeatable levels by time:
     D:1: 1128 daAuts
     D:2: 753 daAuts
     D:3: 501 daAuts
     D:4: 176 daAuts
